Map: 永恒梦境-天梯版

Players

Cyan - Winner!

  • Race: Protoss Protoss

iGXiGua (XiGua)

  • Race: Zerg Zerg

Event: DreamHack SC2 Masters 2020 Summer China

VOD

Have the link to the VOD?

Description

Time

  • Played on: July 2, 2020, 8:25 a.m.
  • Length: 13:32

All games in this series

Show
View Real Time Build Order
Export as new Build Order

Cyan Protoss - Winner!

Build Orders: 1 Gate Expand, Archon Immortal, Mass Adepts 

Get SALT Encoding   

  12  0:00  Probe  
  13  0:12  Probe  
  14  0:19  Pylon  
  14  0:24  Probe  
  15  0:33  Probe  
  15  0:40  Gateway  
  15  0:41  Probe  
  17  0:50  Assimilator  
  17  0:51  Probe  
  18  1:04  Probe  
  19  1:16  Probe  
  20  1:27  Cybernetics Core  
  20  1:36  Nexus  
  20  1:38  Probe  
  21  1:44  Pylon  
  21  1:51  Probe  
  21  1:52  Assimilator  
  22  1:54  Adept  
  22  2:01  Probe  
  22  2:04  Warp Gate  
  25  2:09  Probe  
  26  2:24  Stalker, Probe  
  29  2:36  Twilight Council  
  29  2:38  Probe  
  30  2:50  Probe  
  31  2:54  Probe  
  31  2:58  Resonating Glaives  
  32  3:03  Robotics Facility, Probe  
  33  3:06  Probe  
  33  3:09  Gateway  
  33  3:11  Adept  
  36  3:15  Probe  
  36  3:19  Probe  
  38  3:26  Gateway  
  38  3:31  Gateway  
  38  3:34  Probe  
  38  3:39  Probe  
  40  3:42  Warp Prism  
  40  3:44  Pylon  
  40  3:46  Probe  
  41  3:51  Probe  
  44  3:56  Adept  
  44  3:59  Pylon  
  44  4:02  Probe  
  47  4:05  Adept  
  47  4:08  Probe  
  50  4:11  Observer  
  50  4:13  Shield Battery  
  50  4:14  Probe  
  50  4:16  Assimilator  
  53  4:28  Adept x3  
  53  4:30  Adept  
  60  4:32  Probe x2  
  60  4:44  Probe  
  55  4:47  Probe  
  55  4:51  Adept x2  
  58  4:53  Adept x2  
  58  4:56  Probe  
  58  4:59  Probe  
  61  5:05  Dark Shrine  
  61  5:08  Probe  
  61  5:10  Pylon  
  62  5:15  Probe  
  62  5:20  Probe  
  62  5:21  Assimilator  
  63  5:28  Pylon, Probe  
  63  5:30  Adept  
  63  5:31  Adept x2  
  63  5:32  Probe  
  63  5:34  Adept  
  70  5:45  Pylon  
  70  5:46  Probe x2  
  72  5:56  Adept x3  
  78  5:59  Pylon  
  78  6:05  Pylon  
  78  6:21  Immortal  
  78  6:23  Adept x4  
  78  6:25  Probe  
  75  6:49  Dark Templar x4  
  75  6:51  Blink  
  75  6:53  Immortal  
  85  7:01  Forge  
  85  7:22  Immortal  
  85  7:25  Archon  
  85  7:26  Archon  
  85  7:28  Probe x2  
  87  7:37  Sentry x3  
  87  7:41  Shield Battery  
  87  7:42  Pylon  
  93  7:44  Nexus  
  93  7:46  Pylon  
  93  7:52  Immortal  
  93  7:54  Protoss Ground Weapons Level 1  
  93  8:05  Pylon  
  97  8:06  Gateway  
  97  8:07  Gateway  
  97  8:13  Adept x2  
  97  8:20  Probe  
  97  8:26  Probe  
  99  8:27  Shield Battery  
  99  8:29  Pylon  
  99  8:30  Gateway  
  99  8:33  Gateway  
  99  8:38  Sentry, Probe  
  99  8:39  Sentry, Stalker, Probe  
  107  8:41  Stalker  
  109  8:56  Probe x3  
  112  9:05  Immortal  
  112  9:09  Adept x3  
  122  9:28  Probe x3  
  122  9:30  Assimilator  
  125  9:33  Photon Cannon  
  125  9:34  Assimilator  
  125  9:35  Templar Archives  
  125  9:36  Gateway  
  125  9:37  Photon Cannon  
  121  9:39  Photon Cannon, Immortal  
  121  9:44  Pylon  
  119  9:51  Charge  
  119  9:52  Probe  
  124  9:58  Adept  
  126  10:06  Stalker  
  128  10:13  Adept  
  130  10:15  Stalker x2  
  130  10:17  Immortal  
  130  10:19  Stalker  
  130  10:29  Stalker x3  
  130  10:35  Stalker x2  
  130  10:40  Stalker x2  
  132  10:44  Shield Battery  
  132  10:47  Shield Battery  
  132  10:55  Protoss Ground Weapons Level 2  
  132  10:56  Dark Templar x3, Psionic Storm  
  136  11:09  Immortal  
  136  11:13  Probe x2  
  140  11:26  Stalker x2  
  140  11:27  Stalker x2  
  142  11:48  High Templar x2  
  142  11:53  Zealot x4  
  142  11:54  Zealot  
  156  12:04  Immortal  
  156  12:07  Pylon  
  155  12:09  Pylon  
  155  12:10  Pylon  
  152  12:18  Stalker  
  152  12:20  Zealot x2  
  156  12:24  Pylon  
  156  12:29  High Templar x2, Pylon  
  160  12:30  Zealot x3  
  160  12:34  Zealot  
  159  12:45  Immortal  
  159  12:47  Zealot  
  159  12:48  Zealot x2  
  165  12:58  Zealot x2  
  165  13:05  Zealot x3  
Show
View Real Time Build Order
Export as new Build Order

iGXiGua Zerg 

Build Orders: Hatch First 

Get SALT Encoding   

  12  0:00  Drone  
  13  0:12  Overlord  
  13  0:17  Drone  
  14  0:30  Drone x2  
  16  0:42  Drone  
  17  0:51  Hatchery  
  17  0:54  Drone  
  17  0:59  Drone  
  18  1:07  Extractor  
  17  1:13  Spawning Pool  
  17  1:15  Drone  
  17  1:18  Drone  
  18  1:27  Drone  
  19  1:38  Drone  
  20  1:49  Overlord  
  20  1:59  Zergling x2  
  21  2:02  Queen  
  21  2:03  Zergling x2, Queen  
  21  2:08  Metabolic Boost  
  26  2:10  Drone  
  26  2:14  Drone  
  28  2:21  Drone  
  29  2:32  Zergling x2  
  29  2:36  Hatchery  
  29  2:45  Queen  
  29  2:48  Overlord  
  31  2:52  Drone  
  31  2:55  Drone  
  32  2:58  Drone  
  32  2:59  Drone  
  33  3:06  Drone x2  
  35  3:13  Drone x4  
  35  3:18  Drone  
  40  3:20  Queen  
  40  3:26  Overlord  
  42  3:32  Drone  
  42  3:33  Drone  
  44  3:39  Overlord  
  44  3:40  Overlord  
  44  3:46  Drone x2  
  44  3:48  Queen  
  46  3:50  Drone  
  46  3:53  Drone x2  
  51  3:56  Drone  
  51  4:02  Zergling x8  
  56  4:08  Zergling x4  
  58  4:11  Overlord  
  58  4:12  Spine Crawler  
  57  4:20  Roach Warren, Zergling x6  
  59  4:24  Spore Crawler  
  59  4:29  Zergling x6  
  59  4:30  Spore Crawler  
  60  4:36  Spore Crawler  
  57  4:38  Zergling x4  
  56  4:49  Overlord  
  56  4:51  Zergling x6  
  59  4:53  Overlord  
  59  4:57  Drone  
  59  4:58  Drone  
  60  5:04  Drone x4  
  60  5:05  Drone  
  65  5:08  Overlord  
  61  5:23  Drone  
  61  5:24  Drone x7  
  61  5:27  Overlord  
  65  5:29  Lair  
  65  5:32  Extractor  
  65  5:33  Extractor  
  61  5:39  Roach x4  
  61  5:40  Roach  
  70  5:47  Roach x3  
  76  5:50  Extractor  
  76  5:51  Extractor  
  76  5:52  Roach x2, Zergling x2  
  79  5:58  Roach x2  
  79  6:04  Roach x2, Zergling x4  
  89  6:10  Roach x2  
  90  6:24  Roach x5  
  91  6:36  Drone x5  
  91  6:39  Glial Reconstitution  
  94  6:45  Drone x6  
  94  6:48  Drone  
  94  6:51  Drone  
  94  6:53  Drone  
  94  6:56  Drone x2  
  94  6:59  Drone x2  
  98  7:01  Drone  
  98  7:06  Overseer, Drone x2  
  101  7:12  Drone x3  
  101  7:15  Drone  
  105  7:16  Drone  
  105  7:17  Drone  
  105  7:19  Drone  
  105  7:21  Drone  
  100  7:25  Drone x2  
  100  7:29  Drone x2  
  102  7:33  Drone x3  
  102  7:35  Drone  
  106  7:39  Overlord, Extractor  
  106  7:41  Drone  
  106  7:44  Overlord  
  106  7:53  Spire  
  106  7:58  Drone x5  
  107  8:02  Drone x3  
  110  8:11  Evolution Chamber, Drone x4  
  113  8:13  Drone  
  113  8:16  Overlord  
  113  8:17  Overlord  
  113  8:19  Overlord  
  114  8:23  Overlord  
  114  8:26  Overseer, Overlord  
  114  8:29  Overlord  
  114  8:37  Zerg Missile Weapons Level 1, Overlord x2  
  114  8:57  Hatchery  
  113  9:04  Ravager x15  
  113  9:05  Roach x7  
  113  9:08  Roach  
  144  9:11  Roach x2  
  144  9:14  Roach  
  140  9:34  Zergling x28  
  154  9:39  Overlord x2  
  154  9:43  Overlord  
  154  9:45  Overlord  
  154  9:49  Overseer  
  154  9:50  Overlord  
  154  9:54  Overlord  
  154  9:56  Overlord  
  154  9:57  Overlord  
  154  10:01  Overlord  
  154  10:03  Zergling x6  
  154  10:06  Overseer  
  157  10:08  Ravager x6  
  162  10:18  Roach x5  
  163  10:24  Roach x3  
  163  10:28  Roach x2  
  150  10:31  Roach  
  136  10:36  Roach  
  136  10:37  Roach x2  
  136  10:40  Overseer  
  137  10:44  Ravager  
  137  10:45  Drone  
  137  10:46  Drone x6  
  145  10:56  Zergling x8  
  145  10:57  Zergling x6  
  151  11:07  Zerg Missile Weapons Level 2  
  151  11:08  Zergling x2  
  151  11:09  Extractor, Zergling x8  
  154  11:12  Zergling x6  
  154  11:14  Overseer  
  157  11:20  Roach x3  
  157  11:21  Roach  
  165  11:33  Roach x7  
  165  11:38  Roach x3  
  182  11:40  Overlord  
  177  11:50  Zergling x14  
  182  12:01  Zergling x14  
  185  12:07  Ravager x6  
  176  12:17  Roach  
  176  12:18  Roach x5  
  180  12:23  Roach x2  
  180  12:28  Roach x3  
  186  12:33  Roach x2  
  186  12:34  Ravager x2  
  186  12:35  Ravager  
  190  12:43  Roach x4  
  182  12:50  Roach x3  
  179  12:56  Roach x2  
  148  13:05  Roach x2  
  148  13:06  Roach x3  
Tags
 
Add a new tag
Caveats
  • Supply blocks, unpowered buildings, or Contaminate may cause inaccurate times.
  • Supply counts are checked every 10 seconds.